Map: Pylon LE

Players

ManlyManMeat - Winner!

  • Race: Zerg Zerg
  • League: Diamond
  • Spawn Location: 11:00

VOD

Have the link to the VOD?

Description

Time

  • Played on: June 22, 2025, 1:39 p.m.
  • Length: 10:39
Show
View Real Time Build Order
Export as new Build Order

ManlyManMeat Zerg - Winner!

Build Orders:  

Get SALT Encoding   

  12  0:00  Drone  
  13  0:11  Drone  
  14  0:20  Extractor  
  14  0:22  Drone  
  15  0:32  Overlord  
  15  1:01  Drone  
  15  1:08  Hatchery  
  15  1:14  Drone  
  16  1:20  Drone  
  16  1:24  Drone  
  18  1:45  Spawning Pool  
  18  1:47  Extractor  
  16  1:52  Drone  
  16  1:57  Drone  
  18  2:04  Drone  
  19  2:23  Drone  
  20  2:33  Overlord  
  20  2:51  Queen  
  20  2:52  Queen  
  24  3:00  Zergling x2  
  24  3:02  Zergling x2  
  26  3:19  Drone x2  
  28  3:25  Drone  
  29  3:45  Drone  
  30  3:52  Hatchery  
  30  3:58  Overlord  
  29  4:01  Drone  
  29  4:04  Metabolic Boost  
  29  4:05  Drone  
  29  4:09  Drone  
  32  4:14  Drone  
  33  4:25  Drone x4  
  37  4:35  Queen  
  39  4:43  Drone x2  
  39  4:44  Drone  
  42  4:50  Zergling x4  
  44  5:04  Overlord x2  
  44  5:22  Overlord  
  44  5:23  Overlord  
  44  5:25  Overlord  
  44  5:34  Queen  
  44  5:36  Queen  
  44  5:37  Drone  
  44  5:38  Drone  
  50  5:50  Zergling x4  
  50  5:51  Zergling x6  
  54  6:02  Drone x6  
  59  6:24  Drone x5  
  62  6:34  Baneling Nest, Extractor  
  62  6:36  Drone  
  62  6:37  Drone x2, Evolution Chamber  
  62  6:39  Evolution Chamber  
  42  6:50  Drone x2  
  61  7:05  Drone x3  
  61  7:09  Drone  
  62  7:10  Extractor  
  62  7:11  Drone  
  62  7:12  Drone x2  
  62  7:17  Zerg Melee Weapons Level 1  
  64  7:22  Drone x2  
  64  7:23  Drone x2  
  64  7:27  Drone  
  69  7:36  Lair, Pneumatized Carapace  
  69  7:40  Drone  
  69  7:41  Drone x3  
  73  7:50  Hatchery  
  73  7:56  Zergling x18  
  73  7:59  Hatchery  
  80  8:21  Zergling x10  
  85  8:33  Overlord x2  
  85  8:34  Hatchery  
  85  8:36  Hatchery  
  83  8:57  Baneling x4  
  83  8:58  Baneling x6  
  83  9:19  Zergling x14  
  90  9:21  Overlord x4  
  90  9:22  Overlord x2  
  90  9:42  Drone x9  
  90  9:49  Extractor  
  98  9:50  Extractor  
  98  9:51  Drone x2  
  98  9:52  Drone  
  98  9:53  Drone x2  
  98  9:54  Drone  
  103  10:03  Zergling x8  
Tags
 
League
Diamond
Matchup
Co-op
Replay Pack
Myownreplay2
Add a new tag
Caveats
  • Supply blocks, unpowered buildings, or Contaminate may cause inaccurate times.
  • Supply counts are checked every 10 seconds.